[Event "Early-Titled-Tuesday-Blitz-May-28-2024"]
[Site "Chess.com"]
[Date "2024.05.28"]
[Round "3"]
[White "RobertoJBM"]
[Black "AlexandraSamaganova"]
[Result "1/2-1/2"]
[WhiteElo "2800"]
[BlackElo "2394"]
[TimeControl "180+1"]
[EndTime "8:30:59 PDT"]
[Termination "Game drawn - insufficient material"]

1. d4 Nf6 2. Nf3 e6 3. e3 b6 4.
Bd3 Bb7 5. Qe2 c5 6. c3 Be7 7. e4 d6 8. O-O O-O 9. Re1 Nc6 10. a3 Rc8 11. Nbd2 d5 12. e5 Nd7 13. b4 cxd4 14.
cxd4 Re8 15. Bb2 Nf8 16. Rac1 Ng6 17. g3 Bg5 18. Rc2 Bxd2 19. Qxd2 Nce7 20. Rec1 Qd7 21. h4 Rxc2 22. Rxc2 Rc8 23. h5 Nf8 24. h6 Nf5 25.
hxg7 Nxg7 26. Rxc8 Qxc8 27. Qh6 Bc6 28. Ng5 Nf5 29.
Qf6 Be8 30. Nh3 Ng7 31. b5 Bd7 32. a4 Ng6 33. Ng5 Qe8 34. Qf3 h6 35. Nh3 Qe7 36. Qe3 Qb4 37. Bc1 Qc3 38. Bxg6 Qxe3 39. Bxf7+ Kxf7 40. fxe3 Nf5 41. g4 Ng3 42. Kf2 Ne4+ 43. Kf3 Nc3 44. e4 dxe4+ 45. Ke3 Nxa4 46. Kxe4 Bxb5 47.
Bxh6 Nc3+ 48. Ke3 Nd5+ 49. Kd2 a5 50. Kc2 Kg6 51. Bf8 Ne3+ 52. Kc3 Nxg4 53. Nf4+ Kf5 54. Nh5 Ne3 55. Ng7+ Ke4 56. Nxe6 Nd5+ 57. Kd2 Bd7 58. Ng5+ Kxd4 59. Bg7 Kc4 60. Kc2 Be8 61. Kb2 Nf4 62. e6 Kd5 63. e7 Kd6 64. Bf8 Nd5 65. Ne4+ Ke6 66. Ng5+ Kd7 67. Ne4 Nxe7 68. Nf6+ Kd8 69.
Kc3 Nc6 70. Kc4 Bd7 71. Kd5 Kc7 72. Bd6+ Kc8 73. Bg3 Nb4+ 74. Kd6 Bb5 75. Ne4 Kb7 76. Nc3 Ka6 77. Bf2 Bf1 78. Ne4 b5 79. Nd2 Nd3 80.
Be3 a4 81. Nxf1 Ka5 82. Bd2+ b4 83. Ne3 a3 84. Nc2 Kb5 85. Kd5 Ka4 86. Kc4 b3 87.
Kxd3 bxc2 88. Kxc2 a2 89. Bc3 a1=Q 90. Bxa1 1/2-1/2

[Event "Early-Titled-Tuesday-Blitz-May-28-2024"]
[Site "Chess.com"]
[Date "2024.05.28"]
[Round "3"]
[White "lluiss"]
[Black "Klendi"]
[Result "1-0"]
[WhiteElo "2176"]
[BlackElo "2395"]
[TimeControl "180+1"]
[EndTime "8:31:00 PDT"]
[Termination "lluiss won by checkmate"]

1. Nf3 d5 2. d4 Nf6 3. c4 c6 4.
cxd5 cxd5 5. Nc3 Nc6 6. Bf4 a6 7. e3 Bg4 8. Be2 e6 9. O-O Bd6 10. Bxd6 Qxd6 11. Ne1 Bxe2 12. Qxe2 O-O 13. Nd3 Rac8 14.
Rac1 Rc7 15. Rc2 Rfc8 16. Rfc1 b5 17. h3 Na5 18. b3 Nc6 19. Nc5 Ne7 20. b4 Nd7 21. a4 bxa4 22. N3xa4 a5 23. Nb7 Rxc2 24. Nxd6 Rxc1+ 25. Kh2 Rb8 26. Nc5 Nxc5 27. bxc5 Ra8 28. Qh5 g6 29. Qf3 Nf5 30. Nxf7 Kxf7 31. g4 a4 32. gxf5 gxf5 33. Qh5+ Kg8 34. Qg5+ Kf7 35. Qh6 Kg8 36. Qxe6+ Kg7 37. Qe5+ Kg6 38. Qe6+ Kg7 39. Qxd5 Ra7 40. Qe5+ Kg6 41. Qe6+ Kg7 42. Qxf5 a3 43.
Qg5+ Kf7 44. Qf5+ Kg7 45. Qe5+ Kf7 46. Qd5+ Ke7 47. Qd6+ Kf7 48. Qf4+ Kg7 49. Qg5+ Kf7 50. Qh5+ Ke6 51. e4 a2 52. d5+ Kf6 53. Qf5+ Kg7 54. Qg5+ Kf8 55. Qf6+ Rf7 56. Qd8+ Kg7 57. Qg5+ Kf8 58.
Qxc1 Rxf2+ 59. Kg3 Rc2 60. Qxc2 a1=Q 61. Qf2+ Ke8 62. c6 Qg7+ 63. Kf3 Qf6+ 64. Ke2 Qb2+ 65. Kf1 Qc1+ 66. Kg2 Qg5+ 67. Qg3 Qd2+ 68. Qf2 Qg5+ 69.
Kh1 Qe5 70. Qe2 Kd8 71. Kg2 Kc7 72. Kf1 Kd6 73. Ke1 Qg3+ 74. Kd2 Qxh3 75. Qe3 Qg2+ 76. Kd3 Qf1+ 77. Kc3 Qa1+ 78. Kd3 Qa3+ 79. Ke2 Qb2+ 80. Kf3 Qf6+ 81. Qf4+ Qxf4+ 82. Kxf4 h5 83. Kg3 Ke5 84. Kh4 Kxe4 85. c7 Kxd5 86. c8=Q Ke4 87. Kxh5 Kf4 88. Qf8+ Kg3 89. Qg7+ Kh2 90. Qg5 Kh3 91. Kg6 Kh2 92. Kf5 Kh3 93. Kf4 Kh2 94. Kf3 Kh3 95. Qg3# 1-0

[Event "Early-Titled-Tuesday-Blitz-May-28-2024"]
[Site "Chess.com"]
[Date "2024.05.28"]
[Round "3"]
[White "AnaKuchava"]
[Black "milovichalex"]
[Result "1/2-1/2"]
[WhiteElo "2193"]
[BlackElo "2404"]
[TimeControl "180+1"]
[EndTime "8:31:11 PDT"]
[Termination "Game drawn - insufficient material"]

1. d4 Nf6 2. Nf3 d5 3. c4 e6 4. Nc3 Bb4 5. Qa4+ Nc6 6. e3 O-O 7. Bd3 dxc4 8. Bxc4 a6 9. Qc2 Bd6 10. O-O e5 11. d5 Ne7 12. e4 Ng6 13. Re1 h6 14. Bf1 Bg4 15. Nd2 Nh5 16. Nc4 Nhf4 17. Be3 b5 18. Na5 Bd7 19. f3 Ne7 20. Kh1 Nfg6 21. Rac1 f5 22. Ne2 f4 23. Bc5 Rf6 24. Nb7 Qb8 25. Nxd6 cxd6 26. Bf2 Rf8 27. Qc7 Rd8 28.
Qxb8 Rdxb8 29. Rc7 Be8 30. Rec1 Rc8 31. Rxc8 Rxc8 32.
Rxc8 Nxc8 33. a3 Kf8 34. Nc3 Ke7 35. Kg1 Kd8 36. Bd3 Kc7 37. Kf1 Nb6 38. Ke2 Bd7 39.
Na2 Na4 40. b3 Nc5 41. Bc2 a5 42. b4 Nb7 43. Nc3 axb4 44. axb4 Ne7 45. Bd3 Nc8 46.
Bxb5 Bxb5+ 47. Nxb5+ Kb8 48. Kd3 Nd8 49. Kc4 Kb7 50. Bh4 Nf7 51. Bf2 g5 52. h3 h5 53.
Be1 Nh6 54. Bf2 g4 55. Bh4 gxf3 56. gxf3 Nf7 57. Bf6 Nb6+ 58. Kd3 Nd7 59. h4 Nxf6 60. Kc4 Nd7 61. Nc3 Ka6 62. b5+ Ka5 63. Nd1 Nb6+ 64. Kc3 Kxb5 65. Nf2 Kc5 66. Nh3 Na4+ 67. Kd3 Nb2+ 68. Ke2 Kd4 69. Ng5 Nh6 70. Ne6+ Kc3 71.
Ng7 Nc4 72. Nxh5 Kd4 73. Nf6 Kc5 74. Ne8 Nb6 75. h5 Nd7 76. Ng7 Nf6 77. Ne6+ Kc4 78. Ng7 Kd4 79. Kd2 Kc4 80. Ke2 Kc3 81. Ne6 Nxh5 82.
Nc7 Nf6 83. Nb5+ Kc4 84. Nxd6+ Kc5 85. Nb7+ Kb6 86. Nd8 Kc7 87. Ne6+ Kd6 88. Ng5 Nhg8 89. Nf7+ Ke7 90. Nxe5 Kd6 91. Nd3 Nxd5 92. exd5 Kxd5 93.
Nxf4+ Ke5 94. Ng6+ Kf5 95. Nh4+ Kf4 96. Ng2+ Kg3 97. Ne3 Nf6 98. f4 Kxf4 1/2-1/2

[Event "Early-Titled-Tuesday-Blitz-May-28-2024"]
[Site "Chess.com"]
[Date "2024.05.28"]
[Round "3"]
[White "zimmm36"]
[Black "Konavets"]
[Result "0-1"]
[WhiteElo "2783"]
[BlackElo "3074"]
[TimeControl "180+1"]
[EndTime "8:31:15 PDT"]
[Termination "Konavets won by resignation"]

1. e4 e5 2. Nf3 Nc6 3. Bc4 Nf6 4. d3 Bc5 5. Bg5 h6 6. Bh4 d6 7. c3 a6 8. Nbd2 Ba7 9. O-O g5 10. Bg3 O-O 11. Re1 Nh7 12. d4 h5 13. h4 g4 14. Nh2 exd4 15. Nhf1 Be6 16. Bxe6 fxe6 17.
Qb3 Qd7 18. Nc4 b5 19. Ncd2 Rf7 20. cxd4 Nxd4 21. Qd3 e5 22. Ne3 Raf8 23. Kh2 c6 24.
a4 Kh8 25. axb5 axb5 26. Nb3 c5 27. Nxd4 c4 28. Qd2 Bxd4 29. Nf5 Bc5 30. Ra6 Qe6 31. Nxd6 Rd7 32. Nf5 Qxf5 33. exf5 Rxd2 34. Bxe5+ Nf6 35.
Bxf6+ Kg8 36. Bc3 Rd6 37. Ra5 Rxf5 38. Rxb5 g3+ 39. fxg3 Bg1+ 40. Kxg1 Rxb5 41. Re4 Rg6 42. Kh2 Rc5 43. Re7 Rcc6 44. Kh3 Rc5 45. Re4 Kf7 46.
g4 hxg4+ 47. Rxg4 Re6 48. Rf4+ Kg6 49. Rf3 Re4 50. g4 Rd5 51. h5+ Kg5 52. Bf6+ Kh6 53.
Kh4 Rd1 54. Bg5+ Kg7 55. Bf4 Rd3 56. Rf2 Re1 57. Kg5 Rd5+ 58. Kh4 Rh1+ 59. Bh2 Rb5 60. Rd2 Rb1 61. Bg1 Rxg1 62. Rd7+ Kf6 63. Rd6+ Ke5 64. Rc6 Rxb2 65. Rxc4 Rd2 66. Kg5 Rd8 67. h6 Rg8+ 68. Kh4 Rh1+ 69. Kg3 Rxh6 70. Rc5+ Kd4 71. Rf5 Re6 72. Kh4 Ke4 73. Rf1 Reg6 74. Rg1 Ke5 75. g5 Ke6 76. Kh5 Kf7 77. Rf1+ Kg7 78. Ra1 Rh8+ 79.
Kg4 Rf8 80. Ra7+ Rf7 81. Ra5 Re6 82. Kh5 Re8 83. Ra6 Rh8+ 84. Kg4 Re7 85. Rb6 Rhe8 86.
Kh5 Re6 87. Rb7+ R8e7 88. Rb5 Re1 89. Rb4 Rh1+ 90. Kg4 Rg1+ 91. Kh5 Re5 92. Rb7+ Kf8 93. Rb8+ Re8 94. Rb5 Rge1 95. Kh6 Rh1+ 96. Kg6 Re6+ 97.
Kf5 Rhe1 98. Rb8+ Kg7 99. Rb7+ Re7 100. Rb5 Rg1 101. Ra5 Rf7+ 102. Ke6 Kg6 0-1

[Event "Early-Titled-Tuesday-Blitz-May-28-2024"]
[Site "Chess.com"]
[Date "2024.05.28"]
[Round "3"]
[White "Fore_Man"]
[Black "RedFirePanda"]
[Result "0-1"]
[WhiteElo "2253"]
[BlackElo "2434"]
[TimeControl "180+1"]
[EndTime "8:31:15 PDT"]
[Termination "RedFirePanda won on time"]

1. Nf3 d5 2. c4 Nf6 3. cxd5 Qxd5 4. Nc3 Qd8 5. e4 Bg4 6. e5 Nd5 7. Qa4+ Bd7 8. Qb3 Nxc3 9. bxc3 Nc6 10. Qxb7 Rb8 11.
Qa6 e6 12. Be2 Bc5 13. O-O O-O 14. d4 Be7 15. Be3 f6 16. Rab1 fxe5 17. dxe5 Rf5 18. Rxb8 Qxb8 19. Rd1 Qc8 20. Qxc8+ Bxc8 21. g4 Rf8 22.
Nd4 Nxd4 23. cxd4 Bb7 24. Rc1 Bd8 25. Bc4 Kf7 26. Rb1 Bf3 27. h3 Ke7 28. Rb3 Kd7 29. Ra3 Be7 30. Rxa7 Rb8 31. Kh2 Bh4 32. Bf1 Rb2 33.
Bg2 Bxf2 34. Bxf2 Rxf2 35. Kg3 Rxg2+ 36. Kxf3 Rd2 37. Ke4 Rh2 38. d5 exd5+ 39. Kxd5 Rxh3 40. e6+ Kd8 41. Ra8+ Ke7 42. Rc8 Rc3 43. Ke4 Kxe6 44. Rg8 Kf7 45. Rh8 h6 46. Rc8 Rc4+ 47. Kf3 Kf6 48. a4 Rxa4 49. Rxc7 Rd4 50. Rc6+ Kg5 51.
Rc5+ Kg6 52. Rc6+ Kh7 53. Kg3 Rd7 54. Kf3 Rf7+ 55. Kg3 g5 56. Rb6 Kg7 57. Ra6 Rf6 58. Ra7+ Kg6 59. Ra3 Rc6 60. Rb3 Ra6 61. Rd3 h5 62.
gxh5+ Kxh5 63. Rb3 Ra4 64. Rd3 Rg4+ 65. Kf3 Kh4 66. Rd8 Rf4+ 67. Kg2 Kg4 68. Rd3 Ra4 69. Rb3 Kh4 70. Rc3 Rf4 71. Rb3 Rg4+ 72. Kf2 Rf4+ 73. Kg2 Rc4 74. Ra3 g4 75. Kg1 Rc2 76. Rb3 Kg5 77. Rd3 Kf4 78. Ra3 Re2 79. Rb3 Re3 80. Rb4+ Kg3 81. Rb1 Rc3 82. Rd1 Kh3 83. Rd8 Kg3 84.
Rd1 Ra3 85. Rc1 Ra2 86. Rb1 Kh3 87. Rb8 Rg2+ 88. Kf1 Kg3 0-1

[Event "Early-Titled-Tuesday-Blitz-May-28-2024"]
[Site "Chess.com"]
[Date "2024.05.28"]
[Round "3"]
[White "Sl4werThanYou"]
[Black "Chopper1905"]
[Result "0-1"]
[WhiteElo "2742"]
[BlackElo "2965"]
[TimeControl "180+1"]
[EndTime "8:31:22 PDT"]
[Termination "Chopper1905 won by checkmate"]

1. e4 c5 2. Nf3 d6 3. Bb5+ Nd7 4. c3 Nf6 5. Qe2 a6 6. Ba4 b5 7. Bc2 Bb7 8. O-O e6 9. d4 Be7 10. Rd1 Qc7 11. a4 O-O 12. Bf4 e5 13. dxe5 dxe5 14. Bg5 Bc6 15. axb5 axb5 16. Nbd2 Qb7 17. Re1 h6 18.
Bh4 Rfe8 19. Rxa8 Qxa8 20. Nf1 c4 21. Bxf6 Bxf6 22. Ng3 g6 23. h4 h5 24. Ng5 Qd8 25. Qe3 Qe7 26. Ra1 Nc5 27. Ra5 Ra8 28. Rxa8+ Bxa8 29. Nf1 Bxg5 30. hxg5 Ne6 31. Qb6 Qe8 32. Qe3 Qd8 33.
Qa7 Nxg5 34. f3 Bc6 35. b3 h4 36. bxc4 bxc4 37. Qc5 Qe8 38. Qxc4 h3 39. Qe2 Bb5 40. c4 Ba6 41. Ne3 hxg2 42. Kxg2 Ne6 43. Nd5 Qd8 44.
Qe3 Bxc4 45. Bb3 Bxd5 46. exd5 Nf4+ 47. Kf2 Qh4+ 48. Kf1 Qh1+ 49. Kf2 Qh2+ 50. Kf1 Qh3+ 51. Kf2 Qg2+ 52. Ke1 Qb2 53. Kd1 Kg7 54. d6 Qa1+ 55. Kc2 Kf6 56. d7 Ke7 57. Qd2 Qd4 58. Qa5 Kxd7 59. Qb5+ Ke7 60. Qa6 Qc5+ 61. Kb1 Ne6 62. Qb7+ Kf6 63. Qe4 Qd4 64. Qe1 Qf4 65. Bd5 Nd4 66.
Qa5 Qf5+ 67. Be4 Qd7 68. Qb6+ Kg7 69. Qc5 Qe6 70. Qc7 Qb3+ 71. Kc1 Qe3+ 72. Kd1 Qe2+ 73. Kc1 Qe1+ 74. Kb2 Qb4+ 75. Kc1 Nb3+ 76. Kc2 Qc5+ 77. Qxc5 Nxc5 78. Bd5 Nd7 79. Kd2 Kf6 80. Ke3 Nc5 81. Bc6 Ke6 82. Bb5 g5 83. Bc4+ Ke7 84. Bd5 f5 85.
Bc4 f4+ 86. Ke2 Kf6 87. Bd5 Kf5 88. Kf2 e4 89. fxe4+ Nxe4+ 90. Kg2 g4 91. Bc4 f3+ 92. Kg1 Kf4 93. Bf1 g3 94. Kh1 Nd2 95. Bh3 f2 96. Bg2 f1=Q+ 97. Bxf1 Nxf1 98. Kg2 Ne3+ 99. Kh1 Nf5 100.
Kg1 Kf3 101. Kf1 g2+ 102. Kg1 Nd6 103. Kh2 Kf2 104. Kh3 g1=Q 105. Kh4 Qg6 106. Kh3 Qg3# 0-1

[Event "Early-Titled-Tuesday-Blitz-May-28-2024"]
[Site "Chess.com"]
[Date "2024.05.28"]
[Round "3"]
[White "hsd2016"]
[Black "MKlose11"]
[Result "1/2-1/2"]
[WhiteElo "2417"]
[BlackElo "2600"]
[TimeControl "180+1"]
[EndTime "8:31:28 PDT"]
[Termination "Game drawn - insufficient material"]

1. Nf3 Nf6 2. g3 g6 3. Bg2 c5 4.
b3 Nc6 5. Bb2 d6 6. Bxf6 exf6 7.
c4 Bg7 8. Nc3 f5 9. O-O O-O 10.
h4 Be6 11. Ng5 h6 12. Nh3 g5 13. hxg5 hxg5 14. e3 Bf6 15. Qh5 Kg7 16. Rae1 Rh8 17.
Qe2 f4 18. g4 Ne5 19. exf4 Bxg4 20. fxe5 Bxe2 21. exf6+ Qxf6 22. Nxe2 g4 23. Nhf4 Qh4 24.
f3 g3 25. Nh3 Rae8 26. Nef4 Qh7 27. d3 Qf5 28. Re4 Rxe4 29. fxe4 Qe5 30. Nd5 Rh6 31.
Ndf4 Rf6 32. Rf3 Kf8 33. Bf1 Ke8 34. Kg2 Qb2+ 35. Kxg3 Qxa2 36. Ng5 Qxb3 37. Bh3 Qb1 38. Bf5 Qg1+ 39. Ng2 Qd4 40. Nf4 a5 41. Nd5 Qg1+ 42. Kf4 Rh6 43. Rg3 Rh4+ 44. Bg4 Qc1+ 45. Ne3 a4 46. Nf3 Rh8 47. Bf5 a3 48. Rg2 Qb1 49. Rg1 Qxg1 50. Nxg1 Rh1 51. Ne2 a2 52. Nc2 a1=Q 53.
Nxa1 Rxa1 54. Ke3 Ke7 55. Nc3 Rh1 56. Nd5+ Kd8 57. Kd2 Rh2+ 58. Kc3 Rh1 59. Ne3 Re1 60. Nc2 Rh1 61. Na3 Kc7 62. Kb2 Kc6 63. Nb1 Rd1 64. Kc2 Rh1 65. Nc3 b6 66. Kb3 Rh2 67.
Nd5 Rg2 68. Kc3 Rg3 69. Ne7+ Kc7 70. Nd5+ Kb7 71. Bh7 Ka6 72. Bf5 Kb7 73. Bd7 Rf3 74.
Bb5 f5 75. exf5 Rxf5 76. Kd2 Rh5 77. Ke3 Rh3+ 78. Ke4 Kb8 79. Ba4 Kb7 80. Bb5 Ka7 81. Ba4 Ka6 82. Bb5+ Ka5 83. Bd7 Rh4+ 84. Kf5 Rh7 85.
Ke6 Rh3 86. Nf4 Rh4 87. Nd5 Rd4 88. Kxd6 Rxd3 89. Kc6 Rd4 90. Nxb6 Kb4 91. Be6 Rh4 92. Bd5 Rh6+ 93. Kc7 Ka5 94. Nd7 Kb4 95. Ne5 Rh5 96.
Kd6 Ka5 97. Kxc5 Rxe5 98. Kd6 Rh5 99. c5 Rh6+ 100. Be6 Kb5 101. c6 Kb6 102. c7 Rxe6+ 103. Kxe6 Kxc7 1/2-1/2

[Event "Early-Titled-Tuesday-Blitz-May-28-2024"]
[Site "Chess.com"]
[Date "2024.05.28"]
[Round "3"]
[White "Balla_Tamas"]
[Black "ozates"]
[Result "1/2-1/2"]
[WhiteElo "2484"]
[BlackElo "2641"]
[TimeControl "180+1"]
[EndTime "8:32:05 PDT"]
[Termination "Game drawn by 50-move rule"]

1. Nf3 c5 2. b3 d6 3. Bb2 e5 4. e3 Nc6 5. d4 cxd4 6. exd4 e4 7. Nfd2 d5 8. c4 Nf6 9. Nc3 Bd6 10.
cxd5 Nb4 11. Bb5+ Kf8 12. Ndxe4 Nxe4 13. Nxe4 Qe7 14. Qe2 Bf5 15. Nxd6 Qxd6 16. O-O a6 17. Qf3 g6 18. Be2 h5 19. h3 Nxd5 20. Bc4 Rd8 21. Rfe1 b5 22. Bd3 Bxd3 23. Qxd3 Kg7 24. Rac1 h4 25. Qf3 Rh5 26. Re5 Rxe5 27. dxe5 Qe6 28. Qe4 g5 29. Re1 Nf4 30. Bc1 Nd3 31. Bxg5 Nxf2 32. Bf6+ Kf8 33. Qh7 Nxh3+ 34. gxh3 Qb6+ 35. Kh1 Qc6+ 36. Qe4 Qxe4+ 37. Rxe4 Rd1+ 38. Kg2 Rd2+ 39. Kf3 Rxa2 40. Rxh4 Ke8 41. Rh8+ Kd7 42. Rd8+ Ke6 43. h4 Rb2 44. Rd6+ Kf5 45. Rxa6 Rxb3+ 46. Kg2 Rb2+ 47.
Kf1 b4 48. h5 Rh2 49. Rb6 Rxh5 50. Rxb4 Rh2 51. Rb7 Kg6 52. Rb8 Rc2 53. Rg8+ Kf5 54.
Rf8 Ke6 55. Re8+ Kf5 56. Bg7 Ra2 57. Bf8 Rb2 58. Bd6 Ra2 59. Re7 Kg6 60. e6 fxe6 61.
Rxe6+ Kf5 62. Re8 Kf6 63. Re3 Ra5 64. Bg3 Rf5+ 65. Ke2 Rb5 66. Kf3 Rf5+ 67. Bf4 Rb5 68. Kg4 Rb4 69. Rc3 Rb6 70. Rc5 Rb1 71. Rc6+ Ke7 72.
Kf5 Rf1 73. Rc7+ Kd8 74. Rh7 Ke8 75. Ke5 Kf8 76. Bg5 Kg8 77. Rb7 Kf8 78. Bf6 Kg8 79.
Ke6 Re1+ 80. Be5 Re2 81. Rb8+ Kh7 82. Rh8+ Kg6 83. Rg8+ Kh7 84. Rg1 Kh6 85. Kf7 Kh5 86. Ke6 Kh4 87. Kf5 Kh3 88. Rh1+ Kg2 89. Rh4 Kf3 90. Rh3+ Kg2 91. Rg3+ Kf2 92. Rb3 Kg2 93.
Bf4 Kf2 94. Kg4 Kg2 95. Rg3+ Kf2 96. Rf3+ Kg2 97. Bg3 Re4+ 98. Bf4 Rb4 99. Rd3 Rb2 100. Be5 Re2 101. Rg3+ Kf2 102. Bd4+ Ke1 103. Be3 Kd1 104. Kf4 Kc2 105. Ke4 Rh2 106. Rg1 Rh4+ 107. Bf4 Kc3 108. Rg3+ Kc4 109. Rg2 Rh8 110. Rc2+ Kb3 111. Rc6 1/2-1/2

[Event "Early-Titled-Tuesday-Blitz-May-28-2024"]
[Site "Chess.com"]
[Date "2024.05.28"]
[Round "4"]
[White "sergeikim"]
[Black "h4parah5"]
[Result "1-0"]
[WhiteElo "2624"]
[BlackElo "2989"]
[TimeControl "180+1"]
[EndTime "8:34:01 PDT"]
[Termination "sergeikim won by resignation"]

1. d4 Nf6 2. c4 e6 3. Nc3 Bb4 4. Qc2 d6 5. a3 Bxc3+ 6. Qxc3 Nbd7 7. Nf3 b6 8. g3 Bb7 9. Bg2 O-O 10. O-O a5 11. b3 Ne4 12. Qc2 f5 13. Ng5 Nxg5 14.
Bxb7 Rb8 15. Bg2 Qe7 16. Rd1 Rbe8 17. b4 e5 18. dxe5 dxe5 19. Bxg5 1-0

[Event "Early-Titled-Tuesday-Blitz-May-28-2024"]
[Site "Chess.com"]
[Date "2024.05.28"]
[Round "4"]
[White "HanSchut"]
[Black "ailime26"]
[Result "1-0"]
[WhiteElo "2351"]
[BlackElo "2065"]
[TimeControl "180+1"]
[EndTime "8:34:14 PDT"]
[Termination "HanSchut won by resignation"]

1. e4 c5 2. Nf3 d6 3. d4 cxd4 4. Nxd4 Nf6 5. f3 g6 6. c4 Bg7 7. Be3 O-O 8. Qd2 Nc6 9. Nc3 a6 10. Rc1 Qa5 11. Be2 Bd7 12. O-O Rac8 13. Rfd1 Nxd4 14.
Bxd4 b5 15. Nd5 Nxd5 16. Qxa5 1-0

[Event "Early-Titled-Tuesday-Blitz-May-28-2024"]
[Site "Chess.com"]
[Date "2024.05.28"]
[Round "4"]
[White "patzer-reloaded"]
[Black "Ati1517"]
[Result "1-0"]
[WhiteElo "2474"]
[BlackElo "2272"]
[TimeControl "180+1"]
[EndTime "8:34:46 PDT"]
[Termination "patzer-reloaded won by resignation"]

1. d3 Nf6 2. Nf3 g6 3. g3 Bg7 4. Bg2 O-O 5. O-O d6 6. c4 Nbd7 7. Nc3 Rb8 8. Rb1 b6 9. Nd4 Bb7 10. Nc6 Bxc6 11. Bxc6 e5 12. b4 a5 13. a3 Qe7 14. Qa4 axb4 15. axb4 Rfd8 16. Bg5 h6 17. Nd5 Qf8 18. Bxf6 Nxf6 19. Nxc7 Ng4 20. Bf3 f5 21. Ne6 1-0

[Event "Early-Titled-Tuesday-Blitz-May-28-2024"]
[Site "Chess.com"]
[Date "2024.05.28"]
[Round "4"]
[White "LLariMarc"]
[Black "Aswathchess"]
[Result "0-1"]
[WhiteElo "2492"]
[BlackElo "2719"]
[TimeControl "180+1"]
[EndTime "8:35:07 PDT"]
[Termination "Aswathchess won by checkmate"]

1. d4 d5 2. Nf3 Nf6 3. Bf4 c6 4.
e3 Bf5 5. Bd3 Bg6 6. Ne5 e6 7. Nxg6 hxg6 8. Nd2 Bd6 9. e4 Bxf4 10.
e5 Nfd7 11. g3 Bxd2+ 12. Qxd2 c5 13. c3 Nc6 14. Bb5 Qb6 15. Bxc6 bxc6 16. O-O Rb8 17. b3 cxd4 18. cxd4 c5 19. Rfd1 cxd4 20. f4 O-O 21.
Qxd4 Qxd4+ 22. Rxd4 Rfc8 23. Ra4 Rb7 24. Kg2 Rc2+ 25. Kh3 Nc5 26. Ra5 Ne4 27. Ra6 f5 28.
Rxe6 g5 29. Re8+ Kf7 30. Rd8 g4+ 31. Kh4 Rxh2# 0-1

[Event "Early-Titled-Tuesday-Blitz-May-28-2024"]
[Site "Chess.com"]
[Date "2024.05.28"]
[Round "4"]
[White "maximnovik"]
[Black "kekic76"]
[Result "1-0"]
[WhiteElo "2531"]
[BlackElo "2344"]
[TimeControl "180+1"]
[EndTime "8:35:21 PDT"]
[Termination "maximnovik won by resignation"]

1. e4 c6 2. d4 d5 3. e5 Bf5 4. h4 h5 5. Bd3 Bxd3 6. Qxd3 e6 7. Bg5 Be7 8. Nf3 g6 9. Nbd2 Nd7 10. O-O Bxg5 11.
Nxg5 Nh6 12. g3 Nf5 13. Rfd1 c5 14. c3 cxd4 15. cxd4 Rc8 16. Nf1 Kf8 17. Ne3 Nxe3 18. fxe3 Kg7 19. Rf1 Rf8 20. Rxf7+ Rxf7 21. Nxe6+ Kh7 22.
Nxd8 Rxd8 23. e6 1-0

[Event "Early-Titled-Tuesday-Blitz-May-28-2024"]
[Site "Chess.com"]
[Date "2024.05.28"]
[Round "4"]
[White "SoCalJuniorChess"]
[Black "TrahtarBelarus"]
[Result "0-1"]
[WhiteElo "2230"]
[BlackElo "2797"]
[TimeControl "180+1"]
[EndTime "8:35:32 PDT"]
[Termination "TrahtarBelarus won by resignation"]

1. d4 Nf6 2. Nc3 d5 3. Bf4 Bf5 4. Nf3 e6 5. e3 Bb4 6. a3 Bxc3+ 7. bxc3 Nbd7 8. c4 O-O 9. c5 b6 10. c6 Nb8 11. Ne5 Ne4 12. f3 Nd6 13. Bd3 f6 14.
Bxf5 Nxf5 15. Nd3 Nxc6 16. g4 Nd6 17. h4 Nc4 18. h5 e5 19. dxe5 fxe5 20. Bg3 Nxe3 21.
Qe2 Nd4 0-1

[Event "Early-Titled-Tuesday-Blitz-May-28-2024"]
[Site "Chess.com"]
[Date "2024.05.28"]
[Round "4"]
[White "KatakuriDono"]
[Black "Gryffindorac8"]
[Result "0-1"]
[WhiteElo "2272"]
[BlackElo "2470"]
[TimeControl "180+1"]
[EndTime "8:35:32 PDT"]
[Termination "Gryffindorac8 won by resignation"]

1. d4 Nf6 2. Nf3 e6 3. g3 d5 4. Bg2 c5 5. O-O Nc6 6. c4 Be7 7. Nc3 O-O 8. cxd5 exd5 9. dxc5 Bxc5 10. Bg5 d4 11. Bxf6 Qxf6 12. Ne4 Qe7 13. Nxc5 Qxc5 14. Rc1 Qb6 15. Qd2 Bg4 16. h3 Bh5 17. Rfd1 Rad8 18. b3 Rfe8 19. Qg5 Bg6 20. Rd2 h6 21. Qf4 Re4 22.
Ne5 Rxf4 23. Nxc6 bxc6 24. Rxc6 Qb4 0-1

[Event "Early-Titled-Tuesday-Blitz-May-28-2024"]
[Site "Chess.com"]
[Date "2024.05.28"]
[Round "4"]
[White "enriquebutti"]
[Black "ASKA538"]
[Result "1-0"]
[WhiteElo "2105"]
[BlackElo "2375"]
[TimeControl "180+1"]
[EndTime "8:35:32 PDT"]
[Termination "enriquebutti won by resignation"]

1. e4 c5 2. Nf3 g6 3. d4 cxd4 4. Nxd4 Bg7 5. Nc3 Nc6 6. Nf3 Nf6 7. Bc4 O-O 8. O-O d6 9. h3 a6 10. Re1 b5 11. Bb3 Bb7 12. Nd5 Ne5 13. c3 Rc8 14.
Bg5 Bxd5 15. exd5 h6 16. Bf4 Nfd7 17. Nd4 Nc5 18. Bxe5 dxe5 19. Nc6 Qd6 20. Qe2 Nxb3 21. axb3 Qxd5 22. Nxe7+ 1-0

[Event "Early-Titled-Tuesday-Blitz-May-28-2024"]
[Site "Chess.com"]
[Date "2024.05.28"]
[Round "4"]
[White "talaicito"]
[Black "amanjazu"]
[Result "0-1"]
[WhiteElo "2256"]
[BlackElo "2556"]
[TimeControl "180+1"]
[EndTime "8:35:48 PDT"]
[Termination "amanjazu won by resignation"]

1. d4 Nf6 2. Nc3 g6 3. Bf4 d6 4. e4 Bg7 5. Qd2 O-O 6. O-O-O c5 7. dxc5 Nc6 8. cxd6 exd6 9. Bxd6 Re8 10. f3 Be6 11. Kb1 Qa5 12. e5 Nxe5 13. b4 Qa3 14. Nb5 Qxa2+ 0-1

[Event "Early-Titled-Tuesday-Blitz-May-28-2024"]
[Site "Chess.com"]
[Date "2024.05.28"]
[Round "4"]
[White "Logman74"]
[Black "Statham_01"]
[Result "0-1"]
[WhiteElo "2528"]
[BlackElo "2729"]
[TimeControl "180+1"]
[EndTime "8:36:00 PDT"]
[Termination "Statham_01 won by resignation"]

1. e4 e5 2. Nf3 Nf6 3. Nxe5 d5 4.
Nf3 dxe4 5. Ne5 Bc5 6. c3 O-O 7. Bc4 Qe7 8. Nxf7 Bxf2+ 9. Kxf2 Qc5+ 10. d4 exd3+ 11. Be3 Ne4+ 12. Kf3 Qxc4 0-1

[Event "Early-Titled-Tuesday-Blitz-May-28-2024"]
[Site "Chess.com"]
[Date "2024.05.28"]
[Round "4"]
[White "WindWhistler11"]
[Black "stollenmonster"]
[Result "1-0"]
[WhiteElo "2551"]
[BlackElo "2869"]
[TimeControl "180+1"]
[EndTime "8:36:03 PDT"]
[Termination "WindWhistler11 won by resignation"]

1. Nf3 Nf6 2. g3 e6 3. Bg2 d5 4.
c4 Be7 5. O-O O-O 6. b3 b6 7. e3 Bb7 8. Bb2 c5 9. d3 Nbd7 10.
Nbd2 Rc8 11. Qc2 Qc7 12. a3 Rfd8 13. Rad1 Qb8 14. Rfe1 a6 15. cxd5 exd5 16. Nh4 Bf8 17. Bh3 Rc6 18. e4 dxe4 19. dxe4 Re8 20. f4 Bc8 21. e5 Nd5 22. Bg2 Ne7 23. Ne4 Ng6 24.
Nf3 Rc7 25. h4 Rd8 26. h5 Ne7 27. Nfg5 h6 28. Rxd7 1-0

[Event "Early-Titled-Tuesday-Blitz-May-28-2024"]
[Site "Chess.com"]
[Date "2024.05.28"]
[Round "4"]
[White "AsselLesbekova"]
[Black "ilya2700"]
[Result "0-1"]
[WhiteElo "2432"]
[BlackElo "2206"]
[TimeControl "180+1"]
[EndTime "8:36:12 PDT"]
[Termination "ilya2700 won by resignation"]

1. e4 c5 2. Nf3 e6 3. d4 cxd4 4. Nxd4 Nf6 5. Bd3 Nc6 6. Nxc6 bxc6 7. e5 Qa5+ 8. Nc3 Qxe5+ 9. Be3 d5 10. Ne2 Qxb2 11. O-O Qb8 12. Rb1 Qc7 13. c4 Bd6 14.
g3 h5 15. h4 Ng4 16. Bf4 e5 17. Bg5 e4 18. Bc2 f6 19. Bf4 Be6 20. Nd4 Bd7 21. Bxd6 Qxd6 22. cxd5 cxd5 23. f3 Ne3 24. Qe1 Nxf1 25.
Kxf1 O-O 26. fxe4 Rae8 27. Bb3 Kh8 28. Bxd5 f5 0-1

[Event "Early-Titled-Tuesday-Blitz-May-28-2024"]
[Site "Chess.com"]
[Date "2024.05.28"]
[Round "4"]
[White "aghasiyevkamal"]
[Black "Javylavilla"]
[Result "1-0"]
[WhiteElo "2641"]
[BlackElo "2332"]
[TimeControl "180+1"]
[EndTime "8:36:13 PDT"]
[Termination "aghasiyevkamal won by resignation"]

1. d4 Nf6 2. c4 e6 3. Nc3 Bb4 4.
e3 O-O 5. Ne2 d5 6. a3 Be7 7.
cxd5 exd5 8. Nf4 c6 9. Bd3 Nbd7 10.
O-O Re8 11. f3 Nf8 12. Bc2 Ne6 13. Nxe6 Bxe6 14. e4 dxe4 15. fxe4 Bg4 16. Qd3 Qb6 17. e5 g6 18. exf6 Bd6 19. Ne4 Rad8 20. Nxd6 Rxd6 21. Be3 Rde6 22. Bf2 Be2 23. Qc3 Bxf1 24. d5 c5 25. dxe6 Qxe6 26. Rxf1 1-0

[Event "Early-Titled-Tuesday-Blitz-May-28-2024"]
[Site "Chess.com"]
[Date "2024.05.28"]
[Round "4"]
[White "milovichalex"]
[Black "martinmena"]
[Result "1/2-1/2"]
[WhiteElo "2397"]
[BlackElo "2131"]
[TimeControl "180+1"]
[EndTime "8:36:22 PDT"]
[Termination "Game drawn by repetition"]

1. e4 c6 2. Nc3 d5 3. exd5 cxd5 4. d4 Nf6 5. Bf4 a6 6. h3 Nc6 7. Nf3 g6 8. a3 Bf5 9. Bd3 Bxd3 10. Qxd3 Bg7 11.
O-O O-O 12. Rfe1 e6 13. Ne5 Nxe5 14. Bxe5 b5 15. Ne2 Qb6 16. c3 Ne4 17. Bxg7 Kxg7 18.
Qe3 a5 19. f3 Nd6 20. Ng3 Nc4 21. Qg5 Qd8 22. Nh5+ Kh8 23. Nf6 Kg7 24. Nh5+ Kh8 25. Nf6 Kg7 26. Nh5+ 1/2-1/2